[Event "CCT Chessable Masters Play-In 2025"]
[Site "Online"]
[Date "2025.02.17"]
[Round "3.70"]
[White "Sankalp Gupta"]
[Black "Dominguez Perez, Leinier"]
[Result "1/2-1/2"]
[ECO "A34"]
[WhiteElo "2538"]
[BlackElo "2604"]
[PlyCount "118"]
[EventDate "2025.02.13"]
[EventType "swiss"]
[EventCountry "NET"]
[TimeControl "600"]
[WhiteClock "0:03:57"]
[BlackClock "0:01:10"]

1. Nf3 Nf6 2. c4 c5 3. Nc3 Nc6 4. g3 d5 5. cxd5 Nxd5 6. Bg2 g6 7. O-O Bg7 8. Qb3 e6 9. Nxd5 exd5 10. d4 c4 11. Qe3+ Be6 12. b3 O-O 13. bxc4 dxc4 14. Rd1 Re8 15. Bb2 Bd5 16. Qd2 b5 17. Bc3 a5 18. a3 Qd6 19. Rdb1 Reb8 20. e3 Bf8 21. Qc2 b4 22. axb4 axb4 23. Rxa8 Rxa8 24. e4 b3 25. Qe2 Re8 26. Nd2 Bg7 27. Nxc4 Nxd4 28. Bxd4 Bxc4 29. Qxc4 Bxd4 30. Rxb3 Ra8 31. Rd3 Rd8 32. Rf3 Rd7 33. Bh3 Rc7 34. Qd5 Rc1+ 35. Kg2 Qxd5 36. exd5 Rd1 37. Bd7 Rd2 38. g4 Kg7 39. Be8 f6 40. Bb5 Bc5 41. Bc6 Rc2 42. h3 Rd2 43. Kf1 Rc2 44. Bb5 Rd2 45. Bc4 Rd4 46. Bb3 Rd2 47. Ke1 Rb2 48. Kf1 Rd2 49. h4 Rb2 50. Kg2 Bxf2 51. Rxf2 Rxb3 52. Rd2 Rb7 53. Kf3 Kf7 54. Ra2 Ke7 55. Ra6 Rb3+ 56. Kf4 Rb4+ 57. Kf3 Rb3+ 58. Ke4 Rb4+ 59. Kf3 Rb3+ 1/2-1/2

[Event "CCT Chessable Masters Play-In 2025"]
[Site "Online"]
[Date "2025.02.17"]
[Round "3.71"]
[White "Sanal, Vahap"]
[Black "Iturrizaga Bonelli, Eduardo"]
[Result "0-1"]
[ECO "B33"]
[WhiteElo "2557"]
[BlackElo "2577"]
[PlyCount "32"]
[EventDate "2025.02.13"]
[EventType "swiss"]
[EventCountry "NET"]
[TimeControl "600"]
[WhiteClock "0:05:41"]
[BlackClock "0:09:06"]

1. e4 c5 2. Nf3 Nc6 3. d4 cxd4 4. Nxd4 Qb6 5. Nb3 Nf6 6. Nc3 e6 7. Be3 Qc7 8. a3 Be7 9. g4 d5 10. exd5 Nxd5 11. Nxd5 exd5 12. Bg2 Be6 13. Bxd5 Rd8 14. c4 Qe5 15. Qe2 Bxd5 16. cxd5 Qxd5 0-1

[Event "CCT Chessable Masters Play-In 2025"]
[Site "Online"]
[Date "2025.02.17"]
[Round "3.72"]
[White "Vakhidov, Jakhongir"]
[Black "Jumabayev, Rinat"]
[Result "1-0"]
[ECO "D31"]
[WhiteElo "2546"]
[BlackElo "2564"]
[PlyCount "75"]
[EventDate "2025.02.13"]
[EventType "swiss"]
[EventCountry "NET"]
[TimeControl "600"]
[WhiteClock "0:00:57"]
[BlackClock "0:00:01"]

1. c4 e6 2. Nc3 d5 3. d4 Bb4 4. cxd5 exd5 5. Bf4 c6 6. e3 Ne7 7. h4 a5 8. h5 h6 9. a3 Bd6 10. Qf3 Qc7 11. Nge2 Nd7 12. Rc1 Bxf4 13. Nxf4 Qd6 14. Bd3 Nf6 15. Qg3 Bf5 16. Qxg7 Rg8 17. Qxh6 Kd7 18. Be2 b6 19. Kf1 Be4 20. Nxe4 dxe4 21. g4 Nxg4 22. Qxd6+ Kxd6 23. h6 Nf6 24. h7 Rh8 25. Rh6 Ng6 26. f3 Rxh7 27. Rxh7 Nxh7 28. fxe4 Ng5 29. e5+ Kc7 30. Bb5 c5 31. Nxg6 fxg6 32. d5 Rf8+ 33. Ke2 Rf5 34. d6+ Kb7 35. Rd1 Rxe5 36. d7 Ne6 37. d8=Q Nxd8 38. Rxd8 1-0

[Event "CCT Chessable Masters Play-In 2025"]
[Site "Online"]
[Date "2025.02.17"]
[Round "3.73"]
[White "Moiseenko, Alexander"]
[Black "Henriquez Villagra, Cristobal"]
[Result "0-1"]
[ECO "D31"]
[WhiteElo "2568"]
[BlackElo "2597"]
[PlyCount "64"]
[EventDate "2025.02.13"]
[EventType "swiss"]
[EventCountry "NET"]
[TimeControl "600"]
[WhiteClock "0:03:24"]
[BlackClock "0:02:55"]

1. d4 d5 2. c4 e6 3. Nc3 c6 4. e4 Bb4 5. cxd5 exd5 6. e5 Ne7 7. Bd3 c5 8. a3 Ba5 9. dxc5 d4 10. b4 dxc3 11. bxa5 Qxa5 12. Nf3 Na6 13. O-O Nxc5 14. Bc2 Bg4 15. Be3 Rd8 16. Qb1 Bxf3 17. gxf3 Nd5 18. Bg5 Rd7 19. Kh1 Ne6 20. Bh4 g6 21. Bg3 O-O 22. Rd1 Rfd8 23. Bh4 Ne7 24. Rxd7 Rxd7 25. Qe1 Qd5 26. Qe3 Qd2 27. Qxd2 Rxd2 28. Be4 Nf5 29. Bxf5 gxf5 30. Rc1 c2 31. Kg2 Nd4 32. Bg5 Rd1 0-1

[Event "CCT Chessable Masters Play-In 2025"]
[Site "Online"]
[Date "2025.02.17"]
[Round "3.74"]
[White "Pakleza, Zbigniew"]
[Black "Lie, Kjetil A."]
[Result "1-0"]
[ECO "A47"]
[WhiteElo "2485"]
[BlackElo "2489"]
[PlyCount "139"]
[EventDate "2025.02.13"]
[EventType "swiss"]
[EventCountry "NET"]
[TimeControl "600"]

1. d4 Nf6 2. Nf3 c5 3. c3 b6 4. Bf4 Bb7 5. e3 g6 6. Bc4 cxd4 7. cxd4 Bg7 8. Nc3 O-O 9. O-O d6 10. h3 Nbd7 11. Qe2 a6 12. a4 Qb8 13. Rfc1 Qa7 14. e4 Rac8 15. Bd3 e5 16. Be3 exd4 17. Bxd4 Nc5 18. Bxc5 bxc5 19. Nd2 Rfe8 20. Qf1 Nh5 21. Nc4 Rcd8 22. Na5 Ba8 23. Bc4 Nf4 24. g3 Ne6 25. Bd5 Nd4 26. Rd1 Bxd5 27. exd5 Qb6 28. Nc4 Qb4 29. Rac1 h5 30. Qd3 h4 31. gxh4 Bh6 32. Rb1 Re7 33. Kh1 Kh8 34. Rg1 Qb7 35. h5 g5 36. Rge1 f5 37. Re3 g4 38. Ree1 Rde8 39. Ne3 Re5 40. hxg4 Qe7 41. Ng2 fxg4 42. Qg6 Bd2 43. Rxe5 Qxe5 44. Qxg4 Rg8 45. Qh3 Rg5 46. Nh4 Kh7 47. Rg1 Rxg1+ 48. Kxg1 Qg5+ 49. Kf1 Bxc3 50. bxc3 Qc1+ 51. Kg2 Qg5+ 52. Kf1 Nc2 53. Qf5+ Kh6 54. Qg6+ Qxg6 55. hxg6 Na3 56. Nf5+ Kxg6 57. Nxd6 Kf6 58. Ne4+ Ke5 59. Nxc5 Kxd5 60. Nxa6 Kc4 61. Ke2 Kxc3 62. Ke3 Kc4 63. Ke4 Kb3 64. Nc5+ Kb4 65. Kd5 Ka5 66. Ne6 Nc4 67. Kxc4 Kxa4 68. Kd5 Ka3 69. Kd6 Ka2 70. Ke5 1-0

[Event "CCT Chessable Masters Play-In 2025"]
[Site "Online"]
[Date "2025.02.17"]
[Round "3.75"]
[White "Demidov, Mikhail"]
[Black "Van Wely, Loek"]
[Result "1-0"]
[ECO "A07"]
[WhiteElo "2549"]
[BlackElo "2449"]
[PlyCount "77"]
[EventDate "2025.02.13"]
[EventType "swiss"]
[EventCountry "NET"]
[TimeControl "600"]
[WhiteClock "0:02:21"]
[BlackClock "0:02:12"]

1. Nf3 d5 2. g3 Bg4 3. Bg2 Nd7 4. h3 Bh5 5. O-O e6 6. d4 c6 7. c4 Ngf6 8. Nc3 dxc4 9. e4 Be7 10. Qe2 b5 11. g4 Bg6 12. Ne5 Nxe5 13. dxe5 Nd7 14. f4 h5 15. g5 h4 16. Bf3 Nc5 17. Be3 Nd3 18. Rad1 Qc7 19. Bg4 Bh7 20. Rxd3 cxd3 21. Qxd3 Rd8 22. Qc2 b4 23. Nb5 Qb7 24. Nd6+ Bxd6 25. exd6 c5 26. g6 Bxg6 27. f5 exf5 28. exf5 Bh5 29. Bg5 f6 30. Bxh5+ Rxh5 31. Qe2+ Kd7 32. Qxh5 fxg5 33. Qxg5 Kc8 34. Rc1 Rxd6 35. Rxc5+ Kb8 36. Qe3 Qd7 37. Qe5 Kb7 38. Qe4+ Kb6 39. Qxb4+ 1-0

[Event "CCT Chessable Masters Play-In 2025"]
[Site "Online"]
[Date "2025.02.17"]
[Round "3.76"]
[White "Kourkoulos-Arditis, Stamatis"]
[Black "Dvirnyy, Danyyil"]
[Result "1-0"]
[ECO "D02"]
[WhiteElo "2580"]
[BlackElo "2488"]
[PlyCount "65"]
[EventDate "2025.02.13"]
[EventType "swiss"]
[EventCountry "NET"]
[TimeControl "600"]
[WhiteClock "0:02:43"]
[BlackClock "0:04:50"]

1. Nf3 d5 2. g3 Nf6 3. Bg2 c5 4. O-O Nc6 5. d4 e6 6. b3 cxd4 7. Nxd4 Bc5 8. Nxc6 bxc6 9. Bb2 O-O 10. c4 h5 11. Qc2 Bb6 12. Nd2 Qe7 13. Nf3 Bb7 14. Rad1 Rac8 15. e3 Nd7 16. h4 e5 17. Bh3 e4 18. Nd4 g6 19. Qc3 f6 20. Ne6 Rf7 21. Nf4 Kh7 22. cxd5 f5 23. d6 Qe8 24. Qc4 Nc5 25. d7 Rxd7 26. Nxh5 Rf7 27. Qc3 Qe7 28. Nf6+ Kh6 29. g4 fxg4 30. Nxg4+ Kh7 31. Nf6+ Kh6 32. Bxc8 Bxc8 33. Ng8+ 1-0

[Event "CCT Chessable Masters Play-In 2025"]
[Site "Online"]
[Date "2025.02.17"]
[Round "3.77"]
[White "Sychev, Klementy"]
[Black "Harsha Bharathakoti"]
[Result "1/2-1/2"]
[ECO "B33"]
[WhiteElo "2542"]
[BlackElo "2537"]
[PlyCount "103"]
[EventDate "2025.02.13"]
[EventType "swiss"]
[EventCountry "NET"]
[TimeControl "600"]
[WhiteClock "0:04:31"]
[BlackClock "0:02:02"]

1. e4 c5 2. Nf3 Nc6 3. d4 cxd4 4. Nxd4 Nf6 5. Nc3 e6 6. Ndb5 d6 7. Bf4 e5 8. Bg5 a6 9. Na3 Be6 10. Nc4 Rb8 11. g3 Nd4 12. Ne3 Be7 13. Bxf6 Bxf6 14. Ncd5 Bg5 15. c3 Nc6 16. Bg2 O-O 17. O-O Bxe3 18. Nxe3 b5 19. Qd2 Ne7 20. a4 Qb6 21. axb5 axb5 22. Rfd1 Rfd8 23. b4 h6 24. Kh1 Rbc8 25. Ra3 Rc7 26. Qe2 Rcd7 27. h4 Kh8 28. Kh2 Ng8 29. Ra5 Rb8 30. Bf1 Rc7 31. Rxb5 Qxb5 32. Qxb5 Rxb5 33. Bxb5 Rxc3 34. Rxd6 Rb3 35. Bc4 Bxc4 36. Nxc4 Rxb4 37. Nxe5 Rxe4 38. Nxf7+ Kh7 39. f3 Re7 40. Nd8 Nf6 41. Ne6 Rb7 42. g4 Rb3 43. Kg2 Rb4 44. Rc6 h5 45. g5 Nd5 46. Kg3 Ne3 47. Rc5 g6 48. Rc7+ Kh8 49. Rc8+ Kh7 50. Rc7+ Kh8 51. Rc8+ Kh7 52. Rc7+ 1/2-1/2

[Event "CCT Chessable Masters Play-In 2025"]
[Site "Online"]
[Date "2025.02.17"]
[Round "3.78"]
[White "Sethuraman, S.P."]
[Black "Gurevich, Dmitry"]
[Result "1-0"]
[ECO "B64"]
[WhiteElo "2557"]
[BlackElo "2347"]
[PlyCount "77"]
[EventDate "2025.02.13"]
[EventType "swiss"]
[EventCountry "NET"]
[TimeControl "600"]
[WhiteClock "0:02:47"]
[BlackClock "0:01:08"]

1. e4 c5 2. Nf3 d6 3. d4 cxd4 4. Nxd4 Nf6 5. Nc3 Nc6 6. Bg5 e6 7. Qd2 Be7 8. O-O-O O-O 9. f4 h6 10. Nxc6 bxc6 11. Bxf6 Bxf6 12. Qxd6 Qb6 13. Qd2 e5 14. g3 Bg4 15. Be2 Rfd8 16. Qe1 Bxe2 17. Qxe2 exf4 18. e5 f3 19. Qxf3 Bxe5 20. Rxd8+ Rxd8 21. Rd1 Rxd1+ 22. Nxd1 f6 23. c3 Qg1 24. Qe2 Qh1 25. Kc2 h5 26. Qxh5 Qe4+ 27. Kc1 g6 28. Qh6 g5 29. Qh5 g4 30. Qh6 Qe2 31. Qd2 Qe4 32. Nf2 Qf3 33. Qd8+ Kf7 34. Qd7+ Kf8 35. Nxg4 Bxc3 36. bxc3 Qxc3+ 37. Kd1 Qa1+ 38. Ke2 Qxa2+ 39. Kf3 1-0

[Event "CCT Chessable Masters Play-In 2025"]
[Site "Online"]
[Date "2025.02.17"]
[Round "3.79"]
[White "Onyshchuk, Volodymyr"]
[Black "Batsuren, Dambasuren"]
[Result "1/2-1/2"]
[ECO "B15"]
[WhiteElo "2610"]
[BlackElo "2537"]
[PlyCount "114"]
[EventDate "2025.02.13"]
[EventType "swiss"]
[EventCountry "NET"]
[TimeControl "600"]
[WhiteClock "0:02:21"]
[BlackClock "0:01:07"]

1. e4 c6 2. d4 d5 3. Nc3 dxe4 4. Nxe4 Nf6 5. Nxf6+ exf6 6. c3 Bd6 7. Bd3 O-O 8. Qc2 Re8+ 9. Ne2 h5 10. h3 Nd7 11. Bd2 Nf8 12. O-O h4 13. Rae1 Bd7 14. Qc1 Qc7 15. Bf4 Ng6 16. Bxd6 Qxd6 17. Bxg6 fxg6 18. Qf4 Qxf4 19. Nxf4 g5 20. Nd3 Bf5 21. Nc1 g4 22. hxg4 Bxg4 23. f3 Bf5 24. Kf2 Kf7 25. Nb3 b6 26. Nd2 Bd3 27. Rh1 g5 28. Ne4 Bxe4 29. fxe4 Kg6 30. g3 hxg3+ 31. Kxg3 Rh8 32. a4 Rae8 33. Kf3 a5 34. c4 Kf7 35. d5 Ke7 36. e5 Rxh1 37. Rxh1 cxd5 38. cxd5 fxe5 39. Ke4 Kd6 40. Rh6+ Kc5 41. Rc6+ Kb4 42. Rxb6+ Kxa4 43. d6 g4 44. d7 Rd8 45. Rb7 g3 46. Kf3 Rg8 47. Kg2 e4 48. Rc7 Rd8 49. Rb7 Rg8 50. b3+ Ka3 51. Rb5 Rd8 52. Rxa5+ Kxb3 53. Ra7 Kc4 54. Kxg3 Kd5 55. Kf4 Ke6 56. Kxe4 Rxd7 57. Rxd7 Kxd7 1/2-1/2

[Event "CCT Chessable Masters Play-In 2025"]
[Site "Online"]
[Date "2025.02.17"]
[Round "3.80"]
[White "Zhukova, Natalia"]
[Black "Quintiliano, Renato R."]
[Result "0-1"]
[ECO "A33"]
[WhiteElo "2306"]
[BlackElo "2515"]
[PlyCount "44"]
[EventDate "2025.02.13"]
[EventType "swiss"]
[EventCountry "NET"]
[TimeControl "600"]
[WhiteClock "0:03:51"]
[BlackClock "0:06:55"]

1. c4 c5 2. Nf3 Nc6 3. d4 cxd4 4. Nxd4 Nf6 5. Nc3 e6 6. g3 d5 7. Bg2 Bc5 8. Nb3 Bb6 9. cxd5 exd5 10. Nxd5 Be6 11. Nxf6+ Qxf6 12. O-O O-O 13. Nd2 Rfd8 14. Ne4 Qg6 15. Qe1 Nd4 16. Bf4 Nc2 17. Qc3 Rac8 18. Qe5 Nxa1 19. Rxa1 Rd5 20. Nf6+ gxf6 21. Qxd5 Bxd5 22. Bxd5 Qc2 0-1

[Event "CCT Chessable Masters Play-In 2025"]
[Site "Online"]
[Date "2025.02.17"]
[Round "4.1"]
[White "Duda, Jan-Krzysztof"]
[Black "Martirosyan, Haik M."]
[Result "1-0"]
[ECO "D00"]
[WhiteElo "2739"]
[BlackElo "2645"]
[PlyCount "115"]
[EventDate "2025.02.13"]
[EventType "swiss"]
[EventCountry "NET"]
[TimeControl "600"]
[WhiteClock "0:01:11"]
[BlackClock "0:00:23"]

1. d4 Nf6 2. Bf4 d5 3. e3 c5 4. c3 Nc6 5. Nd2 cxd4 6. exd4 Bf5 7. Ngf3 e6 8. Nh4 Bg4 9. Qb3 Bd6 10. Be3 Qc7 11. h3 Bh5 12. g4 Bg6 13. Nxg6 hxg6 14. Bg2 b5 15. a4 b4 16. c4 Rc8 17. cxd5 Na5 18. Qd3 Nxd5 19. Bxd5 exd5 20. Qb5+ Nc6 21. Qxd5 Ne7 22. Qb5+ Kf8 23. Ne4 Bf4 24. Rc1 Qb8 25. Rxc8+ Nxc8 26. Qd5 Bc7 27. Ng5 Nd6 28. O-O Qb7 29. Qxb7 Nxb7 30. Rc1 Bd8 31. Rc8 Ke7 32. Ra8 Nd6 33. Rxa7+ Ke8 34. Ra8 Kd7 35. d5 Re8 36. Ra7+ Bc7 37. Bb6 Re1+ 38. Kg2 Rc1 39. Kf3 b3 40. Ne4 Ne8 41. d6 Nxd6 42. Nxd6 Kxd6 43. Rxc7 Rxc7 44. Bxc7+ Kxc7 45. Ke4 Kb6 46. Kd5 Ka5 47. g5 Kxa4 48. Kc4 f6 49. f4 fxg5 50. fxg5 Ka5 51. Kxb3 Kb5 52. Kc3 Kc5 53. b4+ Kd5 54. Kb3 Ke5 55. b5 Kd6 56. Kc4 Kc7 57. Kc5 Kb7 58. h4 1-0

[Event "CCT Chessable Masters Play-In 2025"]
[Site "Online"]
[Date "2025.02.17"]
[Round "4.2"]
[White "Gledura, Benjamin"]
[Black "Tabatabaei, M. Amin"]
[Result "1/2-1/2"]
[ECO "D12"]
[WhiteElo "2659"]
[BlackElo "2666"]
[PlyCount "83"]
[EventDate "2025.02.13"]
[EventType "swiss"]
[EventCountry "NET"]
[TimeControl "600"]
[WhiteClock "0:04:25"]
[BlackClock "0:03:22"]

1. d4 d5 2. c4 c6 3. Nf3 Nf6 4. e3 Bf5 5. Nc3 e6 6. Nh4 Bg6 7. Nxg6 hxg6 8. Qd3 Nbd7 9. g3 Be7 10. Bg2 Nb6 11. cxd5 cxd5 12. O-O Rc8 13. b3 O-O 14. Bb2 a6 15. Rfc1 Bd6 16. Rc2 Qe7 17. Rd1 Rc7 18. Nb1 Rxc2 19. Qxc2 Rc8 20. Qd3 g5 21. h3 Nbd7 22. Rc1 Qd8 23. Rxc8 Qxc8 24. Nc3 Qc7 25. g4 Nf8 26. e4 dxe4 27. Nxe4 Nxe4 28. Bxe4 Nd7 29. Qc4 Qb8 30. d5 e5 31. Kg2 g6 32. a4 Qd8 33. Bc3 Nc5 34. f3 Qc7 35. Bd2 b5 36. axb5 axb5 37. Qc2 Qe7 38. Be3 Kg7 39. Qc3 Kg8 40. Qc2 Kg7 41. Qc3 Kg8 42. Qc2 1/2-1/2

[Event "CCT Chessable Masters Play-In 2025"]
[Site "Online"]
[Date "2025.02.17"]
[Round "4.3"]
[White "Sargsyan, Shant"]
[Black "Chigaev, Maksim"]
[Result "1/2-1/2"]
[ECO "B06"]
[WhiteElo "2660"]
[BlackElo "2632"]
[PlyCount "78"]
[EventDate "2025.02.13"]
[EventType "swiss"]
[EventCountry "NET"]
[TimeControl "600"]
[WhiteClock "0:04:40"]
[BlackClock "0:04:11"]

1. d4 Nf6 2. Nf3 g6 3. Nc3 Bg7 4. e4 d5 5. exd5 Nxd5 6. Nxd5 Qxd5 7. c3 O-O 8. Qb3 Be6 9. Qxd5 Bxd5 10. Be2 Nd7 11. Be3 e5 12. dxe5 Nxe5 13. Nxe5 Bxe5 14. O-O b6 15. Rfd1 Be6 16. Bd4 Bxd4 17. Rxd4 Rfd8 18. b3 Rxd4 19. cxd4 a5 20. Bf3 Rd8 21. Rd1 Bd5 22. Rc1 Bxf3 23. gxf3 Rd7 24. Kf1 Kg7 25. Rc6 Kh6 26. d5 Kg7 27. d6 Rxd6 28. Rxc7 Rd2 29. Rc6 Rxa2 30. Rxb6 a4 31. bxa4 Rxa4 32. Kg2 Ra7 33. Rc6 Rb7 34. Ra6 Re7 35. Rb6 h5 36. Ra6 Rd7 37. Rb6 Re7 38. Ra6 Rd7 39. Rb6 Re7 1/2-1/2

[Event "CCT Chessable Masters Play-In 2025"]
[Site "Online"]
[Date "2025.02.17"]
[Round "4.4"]
[White "Puranik, Abhimanyu"]
[Black "Vachier-Lagrave, Maxime"]
[Result "0-1"]
[ECO "B22"]
[WhiteElo "2636"]
[BlackElo "2729"]
[PlyCount "48"]
[EventDate "2025.02.13"]
[EventType "swiss"]
[EventCountry "NET"]
[TimeControl "600"]
[WhiteClock "0:07:11"]
[BlackClock "0:07:34"]

1. e4 c5 2. Be2 Nc6 3. f4 g6 4. Nf3 Bg7 5. O-O Nf6 6. d3 O-O 7. c3 d6 8. h3 Rb8 9. Be3 b5 10. a3 a5 11. Nbd2 b4 12. axb4 axb4 13. d4 bxc3 14. bxc3 cxd4 15. cxd4 d5 16. e5 Ne4 17. Nxe4 dxe4 18. Ng5 Nb4 19. Nxe4 Bf5 20. Bf3 Nd5 21. Ra3 Rb4 22. Bf2 Nxf4 23. Qd2 Nd5 24. Ra5 Qxa5 0-1

[Event "CCT Chessable Masters Play-In 2025"]
[Site "Online"]
[Date "2025.02.17"]
[Round "4.5"]
[White "Aravindh, Chithambaram VR."]
[Black "Anton Guijarro, David"]
[Result "0-1"]
[ECO "A07"]
[WhiteElo "2729"]
[BlackElo "2668"]
[PlyCount "68"]
[EventDate "2025.02.13"]
[EventType "swiss"]
[EventCountry "NET"]
[TimeControl "600"]
[BlackClock "0:00:18"]

1. g3 d5 2. Nf3 c5 3. b3 f6 4. c4 d4 5. e4 e5 6. d3 Nc6 7. Bg2 g5 8. h4 g4 9. Nh2 h5 10. f3 Bh6 11. fxg4 Bxc1 12. Qxc1 hxg4 13. O-O Nh6 14. Na3 Be6 15. Nc2 Qe7 16. a3 a5 17. Qd2 Kd7 18. Rab1 Kc7 19. Rb2 f5 20. exf5 Nxf5 21. Qe1 Nxh4 22. Bxc6 bxc6 23. Qxe5+ Kd7 24. gxh4 Qxh4 25. Ne1 g3 26. Nef3 gxh2+ 27. Rxh2 Rhg8+ 28. Kh1 Qe7 29. Re1 Raf8 30. Qe4 Kc7 31. b4 Qf6 32. Rf1 Bg4 33. Rhf2 Bxf3+ 34. Rxf3 Qh6+ 0-1

[Event "CCT Chessable Masters Play-In 2025"]
[Site "Online"]
[Date "2025.02.17"]
[Round "4.6"]
[White "Lazavik, Denis"]
[Black "Kuzubov, Yuriy"]
[Result "1-0"]
[ECO "D35"]
[WhiteElo "2572"]
[BlackElo "2597"]
[PlyCount "127"]
[EventDate "2025.02.13"]
[EventType "swiss"]
[EventCountry "NET"]
[TimeControl "600"]
[WhiteClock "0:01:07"]
[BlackClock "0:00:08"]

1. d4 Nf6 2. c4 e6 3. Nc3 d5 4. cxd5 exd5 5. Bg5 c6 6. e3 Be7 7. Bd3 Nbd7 8. Nge2 O-O 9. O-O Re8 10. a4 Nf8 11. Qc2 h6 12. Bh4 Nh5 13. Bxe7 Qxe7 14. a5 Nf6 15. Rfe1 Qd6 16. Ng3 h5 17. f3 Bd7 18. Qf2 c5 19. dxc5 Qxc5 20. e4 Qxf2+ 21. Kxf2 dxe4 22. Ngxe4 Nxe4+ 23. Bxe4 Rab8 24. Rad1 b6 25. a6 Red8 26. Bb7 Ne6 27. b4 Be8 28. Nd5 Kf8 29. Rc1 Bb5 30. Nc7 Nxc7 31. Rxc7 Rd7 32. Rec1 Ke7 33. Kg3 Rbd8 34. R7c3 g5 35. Bc6 Bxc6 36. Rxc6 f5 37. h4 f4+ 38. Kh2 gxh4 39. Rh6 Rd2 40. Kh3 R8d7 41. Rxh5 Rb2 42. Rh7+ Kd8 43. Rxd7+ Kxd7 44. Rc4 Ra2 45. Rxf4 Rxa6 46. Rxh4 Ra4 47. b5 Ra5 48. Rh7+ Ke6 49. g4 Kf6 50. Kg3 Rxb5 51. Rxa7 Rb1 52. Rb7 b5 53. Rb6+ Ke5 54. f4+ Ke4 55. Re6+ Kd5 56. f5 b4 57. Rb6 Kc5 58. Rb8 b3 59. Kh4 Kd6 60. Kg5 Ke7 61. Rb7+ Ke8 62. Kg6 b2 63. g5 Kd8 64. f6 1-0

[Event "CCT Chessable Masters Play-In 2025"]
[Site "Online"]
[Date "2025.02.17"]
[Round "4.7"]
[White "Santos Latasa, Jaime"]
[Black "Wei, Yi"]
[Result "0-1"]
[ECO "E61"]
[WhiteElo "2631"]
[BlackElo "2755"]
[PlyCount "146"]
[EventDate "2025.02.13"]
[EventType "swiss"]
[EventCountry "NET"]
[TimeControl "600"]
[BlackClock "0:01:00"]

1. Nf3 d6 2. d4 Nf6 3. c4 g6 4. Nc3 Bf5 5. Nh4 Bd7 6. Nf3 Bf5 7. Nh4 Bd7 8. Nf3 Bg7 9. e4 O-O 10. Be2 e5 11. O-O Nc6 12. d5 Ne7 13. Ne1 Ne8 14. Be3 f5 15. f3 f4 16. Bf2 g5 17. Nd3 Nf6 18. c5 h5 19. Qb3 Ng6 20. c6 Be8 21. cxb7 Rb8 22. Bxa7 g4 23. Bxb8 Qxb8 24. fxg4 hxg4 25. Nf2 Bd7 26. Bb5 g3 27. hxg3 fxg3 28. Bxd7 gxf2+ 29. Rxf2 Nxd7 30. Rxf8+ Bxf8 31. a4 Bh6 32. Ne2 Kg7 33. a5 Nc5 34. Qf3 Qxb7 35. Rf1 Bf4 36. g3 Bg5 37. Qf7+ Kh6 38. Qf5 Qxb2 39. Kf2 Qd2 40. Rh1+ Kg7 41. Qf3 Nd3+ 42. Kg2 Ne1+ 43. Rxe1 Qxe1 44. a6 Qa1 45. Qd3 Nf8 46. Qb5 Be3 47. g4 Qa2 48. Kf3 Qa3 49. Kg2 Bb6 50. Ng3 Qc5 51. Qe8 Qf2+ 52. Kh3 Qe3 53. Kg2 Qf2+ 54. Kh3 Qf3 55. Qe7+ Kg6 56. Kh4 Qf6+ 57. Qxf6+ Kxf6 58. Kh5 Nh7 59. Kh6 Nf8 60. g5+ Kf7 61. Nf5 Ng6 62. Kh7 Nf8+ 63. Kh6 Bc5 64. Nh4 Be3 65. Nf5 Bf2 66. Nh4 Kg8 67. g6 Be3+ 68. Kh5 Nd7 69. Kg4 Bb6 70. Kf5 Kg7 71. Kg5 Be3+ 72. Kg4 Bf2 73. Kg5 Bxh4+ 0-1

[Event "CCT Chessable Masters Play-In 2025"]
[Site "Online"]
[Date "2025.02.17"]
[Round "4.8"]
[White "Rustemov, Alexander"]
[Black "Nihal Sarin"]
[Result "0-1"]
[ECO "E12"]
[WhiteElo "2525"]
[BlackElo "2687"]
[PlyCount "70"]
[EventDate "2025.02.13"]
[EventType "swiss"]
[EventCountry "NET"]
[TimeControl "600"]
[WhiteClock "0:00:58"]
[BlackClock "0:03:38"]

1. d4 Nf6 2. c4 e6 3. Nf3 b6 4. a3 Ba6 5. Qc2 Bb7 6. Nc3 c5 7. e4 cxd4 8. Nxd4 Bc5 9. Nb3 Nc6 10. Bg5 Nd4 11. Nxd4 Bxd4 12. Bd3 h6 13. Bh4 O-O 14. f4 Qc7 15. Rf1 Bxc3+ 16. bxc3 Ng4 17. Qe2 Nxh2 18. Rh1 Qxf4 19. g3 Nf3+ 20. Kf2 Qe5 21. Kxf3 f5 22. Ke3 fxe4 23. Kd2 Rf3 24. Rhe1 Qa5 25. Qxf3 exf3 26. Be7 Qh5 27. Rh1 Qf7 28. Bd6 Re8 29. Bf4 e5 30. Be3 e4 31. Bb1 Ba6 32. Bd4 e3+ 33. Bxe3 Bxc4 34. Bc2 Qd5+ 35. Bd4 Qg5+ 0-1

[Event "CCT Chessable Masters Play-In 2025"]
[Site "Online"]
[Date "2025.02.17"]
[Round "4.9"]
[White "Giri, Anish"]
[Black "Rakhmanov, Aleksandr"]
[Result "1-0"]
[ECO "A20"]
[WhiteElo "2728"]
[BlackElo "2585"]
[PlyCount "103"]
[EventDate "2025.02.13"]
[EventType "swiss"]
[EventCountry "NET"]
[TimeControl "600"]
[WhiteClock "0:02:15"]

1. c4 e5 2. g3 h5 3. Nf3 Nc6 4. Nc3 d6 5. d3 Nd4 6. Bg2 Nxf3+ 7. Bxf3 c6 8. b4 h4 9. b5 cxb5 10. Nxb5 hxg3 11. hxg3 Rxh1+ 12. Bxh1 Be7 13. Qb3 Nf6 14. Bd2 Kf8 15. Rb1 Nd7 16. Bb4 Nc5 17. Qa3 Kg8 18. Nc3 Na6 19. Ba5 Qd7 20. Nd5 Bf8 21. Bg2 Rb8 22. Bd2 b6 23. Be3 Bb7 24. Kf1 Ra8 25. Kg1 Qc8 26. Qa4 Nc7 27. Nc3 Bxg2 28. Kxg2 Qb7+ 29. f3 d5 30. Qd7 dxc4 31. Nb5 Rc8 32. Rh1 f6 33. dxc4 a6 34. Nxc7 Rxc7 35. Qe6+ Rf7 36. Qxb6 Qc8 37. c5 e4 38. Qb1 exf3+ 39. exf3 Rb7 40. Qh7+ Kf7 41. Qc2 Qe6 42. Bf2 Rc7 43. Rd1 Qc6 44. Qc4+ Qe6 45. Qc2 Rc6 46. Rd2 Be7 47. Rd3 Qc8 48. Rc3 Kf8 49. Rc4 Kf7 50. Qe4 Kf8 51. Qd5 Qc7 52. Re4 1-0

[Event "CCT Chessable Masters Play-In 2025"]
[Site "Online"]
[Date "2025.02.17"]
[Round "4.10"]
[White "Sindarov, Javokhir"]
[Black "Lu, Shanglei"]
[Result "1-0"]
[ECO "B40"]
[WhiteElo "2700"]
[BlackElo "2618"]
[PlyCount "61"]
[EventDate "2025.02.13"]
[EventType "swiss"]
[EventCountry "NET"]
[TimeControl "600"]
[WhiteClock "0:04:56"]
[BlackClock "0:02:57"]

1. e4 c5 2. Nf3 e6 3. d4 cxd4 4. Nxd4 Nc6 5. Nxc6 bxc6 6. Bd3 Nf6 7. O-O d5 8. e5 Nd7 9. Re1 a5 10. Nd2 Ba6 11. c4 Be7 12. Qg4 g6 13. Nf3 h5 14. Qf4 Nc5 15. Bf1 Kf8 16. Ng5 Qe8 17. Be3 Kg7 18. Rac1 dxc4 19. Bxc5 Bxc5 20. Ne4 Be7 21. Nd6 Qf8 22. Bxc4 h4 23. Bxa6 Rxa6 24. Rc3 Rh5 25. Rf3 Bxd6 26. exd6 Rd5 27. Qxh4 Kg8 28. Rh3 Rh5 29. Qc4 Rxh3 30. Qxa6 Rh5 31. Rd1 1-0

[Event "CCT Chessable Masters Play-In 2025"]
[Site "Online"]
[Date "2025.02.17"]
[Round "4.11"]
[White "Vokhidov, Shamsiddin"]
[Black "Mamedov, Rauf"]
[Result "1-0"]
[ECO "B52"]
[WhiteElo "2670"]
[BlackElo "2656"]
[PlyCount "95"]
[EventDate "2025.02.13"]
[EventType "swiss"]
[EventCountry "NET"]
[TimeControl "600"]
[WhiteClock "0:04:57"]
[BlackClock "0:02:27"]

1. e4 c5 2. Nf3 d6 3. Bb5+ Bd7 4. Bxd7+ Qxd7 5. c4 g6 6. Nc3 Bg7 7. d4 cxd4 8. Nxd4 Nf6 9. h3 O-O 10. Be3 Rc8 11. b3 Nc6 12. O-O Qd8 13. Rc1 Qa5 14. Nxc6 bxc6 15. Re1 Nd7 16. Bd4 Bh6 17. Rc2 Nc5 18. e5 Ne6 19. exd6 Nxd4 20. Qxd4 Bg7 21. Qd2 exd6 22. Ne4 Qxd2 23. Rxd2 Re8 24. Rxd6 Re7 25. Re3 Kf8 26. Nd2 Bh6 27. Rxe7 Kxe7 28. Rd3 a5 29. Ne4 a4 30. g3 axb3 31. axb3 Ra5 32. Kg2 Bg7 33. h4 Be5 34. f4 Bg7 35. Kf3 h5 36. Nd6 Ra1 37. Nc8+ Ke8 38. Nd6+ Ke7 39. c5 Rf1+ 40. Ke2 Rc1 41. Re3+ Kd7 42. b4 f5 43. Rd3 Ke6 44. Nb7 Bc3 45. Nd8+ Kf6 46. Nxc6 Be1 47. b5 Rb1 48. b6 1-0